 Dungeon Crawl Stone Soup version 0.31-a0-516-gfcb59812bd (webtiles) character file.

Game seed: 18265124615974868486

2432 GordonOverkill the Basher (level 9, -11/47 HPs)
             Began as a Vine Stalker Delver on Aug 10, 2023.
             Mangled by an orc warrior
             ... wielding a +0 halberd
              (23 damage)
             ... in a bailey.
             The game lasted 00:12:56 (5487 turns).

GordonOverkill the Basher (Vine Stalker Delver)     Turns: 5487, Time: 00:12:56

Health: -11/47     AC: 13    Str: 19    XL:     9   Next: 48%
Magic:  0/10       EV:  8    Int: 13    God:
Gold:   393        SH:  0    Dex: 16    Spells: 8/8 levels left

rFire   . . .        m - +0 spear "Buym" {venom, Int+3}
rCold   + . .        (no shield)
rNeg    . . .        l - +1 chain mail {rC+}
rPois   .            (no helmet)
rElec   .            (no cloak)
rCorr   .            u - +1 pair of gloves {hurl}
SInv    .            (no boots)
Will    +....        e - amulet of regeneration
Stlth   +            (no ring)
HPRegen 1.87/turn    (no ring)
MPRegen 0.12/turn

%: guardian spirit
@: no status effects
A: fangs 3, regeneration 1, magic shield, antimagic bite, no potion heal 2
a: no special abilities


You were in a bailey.
You visited 2 branches of the dungeon, and saw 8 of its levels.
You also visited: Bailey.

You collected 450 gold pieces.
You spent 57 gold pieces at shops.

Inventory:

Hand Weapons
 a - a +0 mace
 m - the +0 spear "Buym" (weapon) {venom, Int+3}
   (You found it on level 2 of the Dungeon)

   Int+3:     It affects your intelligence (+3).
Armour
 l - a +1 chain mail of cold resistance (worn)
 u - a +1 pair of gloves of hurling (worn)
Jewellery
 e - an amulet of regeneration (around neck)
Wands
 g - a wand of digging (2)
 h - a wand of flame (7)
 q - a wand of mindburst (21)
 r - a wand of polymorph (12)
 s - a wand of roots (8)
Scrolls
 b - 2 scrolls of vulnerability
 c - 3 scrolls of fog
 d - a scroll of revelation
 i - 3 scrolls of immolation
 j - a scroll of brand weapon
 k - a scroll of enchant armour
 p - a scroll of fear
Potions
 f - 3 potions of enlightenment
 n - 2 potions of cancellation
 o - 2 potions of mutation
 t - a potion of curing
 v - 3 potions of brilliance
 w - 3 potions of magic {unknown}
 x - a potion of haste
 z - a potion of resistance


   Skills:
 - Level 5.0 Fighting
 + Level 9.2 Maces & Flails
 - Level 5.0 Armour
 - Level 1.5 Dodging
 - Level 6.0 Stealth


You had 8 spell levels left.
You didn't know any spells.
Your spell library contained the following spells:

 Spells                   Type           Power      Damage    Failure   Level
 Magic Dart               Conj           0%         1d3       94%         1
 Blink                    Tloc           0%         N/A       98%         2
 Lesser Beckoning         Tloc           0%         N/A       98%         2
 Momentum Strike          Conj/Tloc      0%         3d8       98%         2
 Searing Ray              Conj           0%         2d4       98%         2
 Gell's Gravitas          Tloc           0%         N/A       100%        3
 Teleport Other           Tloc           0%         N/A       100%        3
 Fulminant Prism          Conj/Hex       0%         3d5       100%        4


Dungeon Overview and Level Annotations

Branches:
Dungeon (7/15)             Temple (1/1) D:6          Bailey (1/1)

Altars:
Ashenzari
Cheibriados
Dithmenos
Elyvilon
Fedhas
Hepliaklqana
Kikubaaqudgha
Makhleb
Nemelex Xobeh
Okawaru
Ru
Sif Muna
Uskayaw
Vehumet
Wu Jian
Yredelemnul
Zin

Shops:
D:1 =!!   D:4 ?!   D:5 *   D:6 (   D:7 ?

Annotations:
D:4 1 runed translucent door, Crazy Yiuf
D:5 1 runed translucent door, paps's ghost, amateur DsGl
D:6 3 runed translucent doors, mn3067's ghost, novice TrSh
D:7 1 runed translucent door


Innate Abilities, Weirdness & Mutations

You have razor-sharp teeth.
Your natural rate of healing is unusually fast.
When hurt, damage is shared between your health and your magic reserves.
Your bite disrupts and absorbs the magic of your enemies.
Potions cannot restore your health.


Message History

The orc warrior hits you from afar with a +0 halberd!
There is an open door here.
Aiming: Mindburst
Press: ? - help, Shift-Dir - straight line, f/p - orc warrior
Aim: an orc warrior, wielding a +0 halberd and wearing a +0 scale mail (strong, chance to affect: 64%)
The orc warrior's mind is blasted!
The orc warrior hits you from afar with a +0 halberd!!
Aiming: Fastroot
Press: ? - help, Shift-Dir - straight line, p - orc warrior
Okay, then.
Aiming: Fastroot
Press: ? - help, Shift-Dir - straight line, p - orc warrior The roots erupt in riotous growth!
Roots grab the orc knight.
Roots grab the orc warrior.
The grasping roots constrict the orc knight.
The grasping roots constrict the orc warrior.
You hear a shout!
The orc warrior barely misses you.
The orc knight struggles to escape constriction.
The grasping roots constrict the orc knight.
The grasping roots constrict the orc warrior.
The roots release their grip on the orc warrior.
The orc warrior hits you but does no damage.
The orc knight struggles to escape constriction.
You hit the orc warrior but do no damage.
The orc warrior is poisoned.
Your bite misses the orc warrior.
The orc warrior is almost dead.
The grasping roots constrict the orc knight!
The roots release their grip on the orc knight.
The orc warrior hits you with a +0 halberd!
* * * LOW HITPOINT WARNING * * *
You barely miss the orc warrior.
The orc warrior is almost dead.
The orc warrior hits you with a +0 halberd.
* * * LOW HITPOINT WARNING * * *
The orc knight hits you from afar with a +0 halberd!!
* * * LOW HITPOINT WARNING * * *
The orc warrior attacks as you move away!
The orc warrior hits you with a +0 halberd!!
You die...

####### ############
##..)..## ##...)....∩.##
#...))).######.....#......#
'...##.)#....#....###)....#
'...)8.))....'.....8)))..∩#
'...##.)#....#oo..###)....#
#..o....######..@..#.)....#
##.....## ##........∩.##
####### ############


You could see an orc knight and an orc warrior (strong, very poisoned).

Vanquished Creatures
  Prince Ribbit (D:7)
  Sigmund (D:6)
  3 water moccasins
  Duvessa (D:5)
  4 orc warriors (Bailey)
  4 ogres
  2 centaurs
  A phantom (D:6)
  2 bullfrogs (D:7)
  Dowan (D:5)
  2 jellies (D:6)
  An orc priest (D:7)
  A hound (D:5)
  A sleepcap (D:6)
  Terence (D:3)
  An iguana (D:6)
  5 orc wizards
  7 adders
  A shadow imp (D:5)
  3 ufetubi
  2 worms (D:2)
  2 dart slugs
  28 orcs
  9 ball pythons
  4 endoplasms
  2 giant cockroaches
  A goblin (D:2)
  9 hobgoblins
  5 jackals
  6 kobolds
  4 quokkas
  5 bats
  A frilled lizard (D:1)
  5 rats
126 creatures vanquished.

Notes
Turn   | Place    | Note
-------+----------+-------------------------------------------
     0 | D:5      | GordonOverkill the Vine Stalker Delver began the quest for
                  | the Orb.
     0 | D:5      | Reached XP level 1. HP: 11/11 MP: 2/2
    27 | D:6      | Noticed an iguana
    83 | D:6      | Noticed an ogre
   170 | D:5      | Reached skill level 2 in Maces & Flails
   170 | D:5      | Reached XP level 2. HP: 13/16 MP: 3/3
   319 | D:5      | Noticed Dowan
   320 | D:5      | Noticed Duvessa
   333 | D:4      | Found Datoiclo's Magic Scroll Emporium.
   347 | D:4      | Bought a scroll of identify for 24 gold pieces
   378 | D:4      | Reached skill level 3 in Maces & Flails
   393 | D:4      | Reached XP level 3. HP: 19/19 MP: 4/4
   458 | D:5      | Noticed a bullfrog
   458 | D:5      | Found a runed translucent door.
   463 | D:5      | Noticed paps's ghost (amateur DsGl)
   532 | D:4      | Noticed an ogre
   630 | D:3      | Gained mutation: Your natural rate of healing is unusually
                  | fast. [Vine Stalker growth]
   630 | D:3      | Reached XP level 4. HP: 17/23 MP: 5/5
   657 | D:2      | Reached skill level 4 in Maces & Flails
   699 | D:2      | Identified the +0 spear "Buym" {venom, Int+3}
   766 | D:1      | Found Xupleokh's Distillery.
   869 | D:1      | Found Kiepan's Jewellery Shoppe.
  1201 | D:1      | Found Neuth's Distillery.
  1207 | D:1      | Bought a potion of curing for 33 gold pieces
  1688 | D:2      | Reached XP level 5. HP: 28/28 MP: 4/6
  2030 | D:3      | Noticed Terence
  2040 | D:3      | Killed Terence
  2647 | D:4      | HP: 1/28 [ogre/+0 giant spiked club (27)]
  2655 | D:4      | Killed an ogre
  2656 | D:4      | Reached skill level 1 in Armour
  2656 | D:4      | Reached XP level 6. HP: 19/32 MP: 0/7
  2871 | D:4      | Found a runed translucent door.
  2872 | D:4      | Noticed Crazy Yiuf
  2938 | D:4      | Found Ocuepso's Distillery.
  3180 | D:5      | Noticed a water moccasin
  3211 | D:5      | Noticed a water moccasin
  3214 | D:5      | Found a sacrificial altar of Ru.
  3233 | D:5      | Killed Duvessa
  3234 | D:5      | Reached skill level 5 in Maces & Flails
  3242 | D:5      | Reached XP level 7. HP: 37/37 MP: 6/8
  3254 | D:5      | Killed Dowan
  3411 | D:6      | Found an iron altar of Okawaru.
  3429 | D:6      | Found a runed translucent gate.
  3431 | D:6      | Found a runed translucent gate.
  3457 | D:6      | Found a runed translucent gate.
  3459 | D:6      | Noticed mn3067's ghost (novice TrSh)
  3718 | D:6      | Noticed Sigmund
  3725 | D:6      | Killed Sigmund
  3726 | D:6      | Reached skill level 5 in Fighting
  3726 | D:6      | Reached skill level 6 in Maces & Flails
  3726 | D:6      | Gained mutation: You have razor-sharp teeth. [Vine Stalker
                  | growth]
  3726 | D:6      | Reached XP level 8. HP: 43/43 MP: 7/9
  4067 | D:5      | Found Beazy's General Store.
  4521 | D:6      | Found a staircase to the Ecumenical Temple.
  4625 | D:6      | Found Doimn's Antique Weapon Shop.
  4687 | Temple   | Entered the Ecumenical Temple
  5109 | D:7      | Reached skill level 7 in Maces & Flails
  5135 | D:7      | Noticed Prince Ribbit
  5147 | D:7      | Killed Prince Ribbit
  5148 | D:7      | Reached skill level 5 in Armour
  5148 | D:7      | Reached XP level 9. HP: 33/47 MP: 10/10
  5151 | D:7      | Found Vex Itur's Magic Scroll Emporium.
  5186 | D:7      | Found a large runed translucent door.
  5203 | D:7      | Found a flagged portal.
  5216 | D:7      | Reached skill level 8 in Maces & Flails
  5272 | Bailey   | Entered a bailey
  5458 | Bailey   | Reached skill level 9 in Maces & Flails
  5466 | Bailey   | Noticed an orc knight
  5487 | Bailey   | Mangled by an orc warrior

Illustrated notes

Levels and vault maps discovered:
D:1:      dpeg_arrival_rhombi, layout_loops_ring, serial_shops,
          nicolae_shop_waterfront, shop, nicolae_shop_waterfront
D:2:      layout_basic, grunt_ministairs_8
D:3:      layout_basic, serial_rivers, chequers_serial_rivers_large_a,
          chequers_serial_rivers_micro_e, chequers_serial_rivers_large_b,
          chequers_serial_rivers_micro_b, chequers_serial_rivers_marsh,
          chequers_serial_rivers_micro_a, st_stairs_6, minmay_misc_feat_x,
          kennysheep_nondescript, hangedman_abyss_or_decor_lesser_grid,
          chequers_serial_rivers_room_a, serial_park_tiny_pond, uniq_terence
D:4:      layout_cave_pools, serial_shops, nicolae_shop_pleasant_corner_grove,
          shop, nicolae_twisty_statue_hallways, uniq_crazy_yiuf_cottage
D:5:      layout_loops_ring, nicolae_ru_sacrificial_ziggurat,
          ebering_ghost_sewer_d, serial_shops, kennysheep_mini_moat,
          nrook_pool_corridor, uniq_duvessa
D:6:      layout_basic, okawaru_trees_2, minmay_temple_entry_enclosed_plants,
          ebering_ghost_rock_garden, serial_shops, nicolae_take_the_stairs,
          uniq_sigmund
D:7:      layout_basic, enter_bailey_6, serial_shops, shop,
          minmay_hollow_rounded_squares, uniq_prince_ribbit1
Temple:   nicolae_temple_no_exploring_needed
Bailey:   bailey_polearm_5, bailey

Skill      XL: |  1  2  3  4  5  6  7  8  9 |
---------------+----------------------------+-----
Maces & Flails | 2 3 4 5 6 7 9 |  9.2
Fighting       | 3 4 5 |  5.0
Armour         | 1 2 3 5 |  5.0
Dodging        | |  1.5
Stealth        | |  6.0

Action                     |  1- 3 |  4- 6 |  7- 9 || total
---------------------------+-------+-------+-------++-------
  Melee: Mace              |    35 |    15 |       ||    50
         Bite              |     8 |    34 |    70 ||   112
         Punch             |     1 |       |     1 ||     2
         Spear             |       |   158 |   261 ||   419
  Evoke: Wand              |       |       |     8 ||     8
    Use: Scroll            |     1 |    13 |     5 ||    19
         Potion            |     1 |     3 |     3 ||     7
   Stab: Sleeping          |     5 |    10 |       ||    15
 Armour: Leather armour    |     6 |     6 |       ||    12
         Scale mail        |       |    10 |       ||    10
         Chain mail        |       |    42 |   172 ||   214
         Skin              |       |    15 |    18 ||    33
  Dodge: Dodged            |    28 |    52 |   130 ||   210

Table legend: (Time is in decaauts)
 A = Elapsed time spent in this place.
 B = Non-inter-level travel time spent in this place.
 C = Inter-level travel time spent in this place.
 D = Time resting spent in this place.
 E = Time spent auto-exploring this place.
 F = Levels seen in this place.
 G = Mean time per level.
                   A        B        C        D        E       F      G
               +--------+--------+--------+--------+--------+-----+--------+
         Total |   5565 |   5191 |    374 |    359 |   3288 |   9 |  618.3 |
       Dungeon |   5341 |   4968 |    373 |    359 |   3207 |   7 |  763.0 |
        Temple |      1 |      1 |      0 |      0 |      0 |   1 |    1.0 |
        Bailey |    221 |    221 |      0 |      0 |     81 |   1 |  221.0 |
               +--------+--------+--------+--------+--------+-----+--------+

Top non-repeatable levels by time:
     D:6: 1338 daAuts
     D:5: 1092 daAuts
     D:3: 824 daAuts
     D:4: 718 daAuts
     D:1: 672 daAuts
     D:2: 491 daAuts
  Bailey: 221 daAuts
     D:7: 204 daAuts
  Temple: 1 daAuts
